Match 24983388
Unlisted

Match 24983388
End
Construct Section Command Post
Infantry Section
Infantry Section
Vickers Machine Gun Team
ML 3-inch Mortar Team
Construct Platoon Command Post
Selects Indian Artillery Battlegroup
Selects Towed ML 4.2-inch Heavy Mortar
Selects War Cry
Selects Gurkha Rifles Section
Gurkha Rifles Section
Towed ML 4.2-inch Heavy Mortar
Construct Field Infirmary
Construct Company Command Post
Grenade Package
Crusader II Medium Tank
Selects Off-map Airburst Barrage
Off-map Airburst Barrage
Foot Guards Section
Selects Volunteer Infantry
Matilda II Heavy Tank
Off-map Airburst Barrage
Royal Engineer Section
6-pounder Anti-tank Gun Team
Selects Perimeter Monitor
SneaKerz
gb_gbg
Jas
Evil Chinesefarmer
0
0

Comments sign in to comment!

No comments posted yet!